 Dungeon Crawl Stone Soup version 0.29-a0-994-gc5c9f59d18 (webtiles) character file.

Game seed: 11254392648266747755

5299 Asher535 the Fighter (level 10, 0/136 HPs)
             Began as a Minotaur Berserker on Aug 3, 2022.
             Was a Priest of Trog.
             Killed by divine providence
             ... invoked by an orc priest
              (11 damage)
             ... on level 10 of the Dungeon.
             The game lasted 00:30:22 (9376 turns).

Asher535 the Fighter (Minotaur Berserker)           Turns: 9376, Time: 00:30:23

Health: 0/136      AC: 25    Str: 32    XL:     10   Next: 37%
Magic:  9/9        EV:  2    Int: 11    God:    Trog [***...]
Gold:   207        SH: 14    Dex: 10    Spells: 9/9 levels left

rFire   . . .      SeeInvis .   G - +0 war axe
rCold   . . .      Faith    .   l - +4 kite shield "Cadal" {Contam rElec rPois Int+7}
rNeg    . . .      Spirit   .   (body armour currently unavailable)
rPois   +          Reflect  .   (helmet currently unavailable)
rElec   +          Harm     .   (cloak currently unavailable)
rCorr   .          Rampage  .   (gloves currently unavailable)
Will    ++...      NoTele   +   (boots currently unavailable)
Stlth   +.........              (no amulet)
HPRegen 1.32/turn               r - +6 ring of strength
MPRegen 0.11/turn               j - +4 ring of evasion

@: tree-form, strong-willed, regenerating
A: stationary, stasis, torment immunity, boosted hp, (horns 2), (retaliatory
headbutt)
a: Renounce Religion, Berserk, Trog's Hand


You were on level 10 of the Dungeon.
You worshipped Trog.
Trog was most pleased with you.
You were a tree.
You visited 1 branch of the dungeon, and saw 10 of its levels.

You collected 398 gold pieces.
You spent 191 gold pieces at shops.

Inventory:

Hand Weapons
 a - a +0 hand axe
 G - a +0 war axe (weapon)
 L - a +4 flail
 N - a +3 halberd
Missiles
 O - 4 poisoned darts (quivered)
Armour
 b - a +0 animal skin
 h - a +0 buckler
 i - a +0 ring mail
 l - the +4 kite shield "Cadal" (worn) {Contam rElec rPois Int+7}
   (You found it on level 3 of the Dungeon)

   Int:       It affects your intelligence (+7).
   rElec:     It insulates you from electricity.
   rPois:     It protects you from poison.
   Contam:    It causes magical contamination when unequipped.
 x - a +2 pair of gloves (melded)
 y - a +1 chain mail
 A - a +0 troll leather armour
 H - a +0 cloak (melded)
 J - a +0 plate armour (melded)
 P - a +1 hat
 Q - a +0 pair of boots (melded)
Magical Staves
 C - a staff of conjuration
 F - a staff of earth
Jewellery
 e - a ring of willpower
 j - a +4 ring of evasion (right branch)
 m - a +4 ring of evasion
 n - a ring of willpower
 q - a ring of protection from fire
 r - a +6 ring of strength (left branch)
 s - a +6 ring of intelligence
 B - a ring of protection from fire
 K - a +6 ring of intelligence
 M - a +4 ring of evasion
Wands
 o - a wand of digging (5)
 E - a wand of paralysis (19)
Scrolls
 c - a scroll of teleportation
 g - a scroll of butterflies
 k - a scroll of amnesia {unknown}
 v - 4 scrolls of poison
 w - 2 scrolls of fear
 D - a scroll of vulnerability {unknown}
Potions
 d - 4 potions of lignification
 f - 3 potions of mutation {unknown}
 p - a potion of attraction {unknown}
 t - a potion of magic {unknown}
 u - 3 potions of brilliance
 z - 3 potions of curing {unknown}
 I - a potion of heal wounds {unknown}


   Skills:
 + Level 9.2 Fighting
 + Level 9.1 Axes
 + Level 6.7 Throwing
 + Level 8.7 Armour
 - Level 2.6 Dodging
 + Level 8.0 Shields


You had 9 spell levels left.
You didn't know any spells.
Your spell library was empty.

Dungeon Overview and Level Annotations

Branches:
Dungeon (10/15)            Temple (0/1) D:7
   Lair: D:8-11         Orc: D:9-12

Altars:
Dithmenos
Gozag
Qazlal
Xom

Shops:
D:1 *   D:5 *   D:6 ?*


Innate Abilities, Weirdness & Mutations

You are a tree.
Your roots penetrate the ground, keeping you stationary.
You cannot be teleported.
You are immune to unholy pain and torment.
Your maximum health is greatly increased.
Your equipment is partially melded.
((You have a pair of horns on your head.))
((You reflexively headbutt those who attack you in melee.))


Message History

The orc wizard gestures at you while chanting.
You are confused.
The orc priest looks braver for a moment.
The orc wizard casts a spell at you.
You easily resist.
Something hits you but does no damage.
You bump into the rock wall.
Something hits you but does no damage.
The orc priest miscasts a cantrip.
Something hits you but does no damage.
Okay, then.
Okay, then.
Something hits you but does no damage. x2
The orc wizard gestures at you while chanting.
The puff of flame hits something!
Something hits you. Something hits you but does no damage.
The orc priest invokes the aid of Beogh against you.
Beogh smites you!
The orc priest invokes the aid of Beogh against you.
Beogh smites you!
* * * LOW HITPOINT WARNING * * *
You barely miss the orc wizard. You slash something!
You feel less confused. You block something's attack.
Something hits you but does no damage.
The orc priest mumbles some strange prayers to Beogh against you.
Beogh smites you!
* * * LOW HITPOINT WARNING * * *
The orc wizard hits you but does no damage.
Really quaff the potion of lignification?
You turn into a tree.
Your +0 cloak melds into your body.
Your +2 pair of gloves melds into your body.
Your +0 pair of boots melds into your body.
Your +0 plate armour melds into your body.
Your roots penetrate the ground.
Something hits you but does no damage. x2
The orc wizard casts a spell.
The orc wizard flickers and vanishes!
Your skin crawls.
You feel strong-willed. You block something's attack.
The orc priest invokes the aid of Beogh against you.
Beogh smites you!
You die...

#### ### #...
#########.##### #... ##
#.............###...
?..###
#.......>...........
#....##.######...#..###...
..##.....##.....#.#.##
#... .......o#{o.#####...#
#... .##..ooo{♣## #..##
#... .......oo#.# #...#
#### #......###..# #....#
###### ....... ...........
...... .#.##.# ...#.#
###### ... .. .##.#.# #
... . .. . .... .. .. .


You could see 2 orc priests, an orc wizard and 4 orcs.

Vanquished Creatures
  3 trolls
  A hornet (D:8)
  Grinder (D:4)
  A shadow (D:9)
  A yak (D:10)
  A vampire (D:9)
  2 steam dragons
  Menkaure (D:4)
  Duvessa (D:5)
  2 acid dragons
  An orc warrior (D:6)
  An ice beast (D:5)
  3 ogres
  A centaur (D:9)
  A phantom (D:5)
  A necrophage (D:5)
  8 bullfrogs
  2 gnoll sergeants
  5 scorpions
  5 wights (D:9)
  Dowan (D:5)
  8 killer bees
  2 howler monkeys
  4 crimson imps (D:5)
  A jelly (D:6)
  4 hounds
  5 iguanas
  2 orc priests
  Jessica (D:3)
  3 orc wizards
  8 gnolls
  6 adders
  A shadow imp (D:5)
  2 white imps
  An ufetubus (D:5)
  4 worms
  3 dart slugs
  14 orcs
  2 ball pythons
  2 bats
  3 endoplasms (D:2)
  2 giant cockroaches
  5 goblins
  2 hobgoblins
  4 jackals (D:5)
  2 quokkas
  2 frilled lizards
  3 kobolds (D:4)
  7 rats
146 creatures vanquished.

Notes
Turn   | Place    | Note
-------+----------+-------------------------------------------
     0 | D:1      | Asher535 the Minotaur Berserker began the quest for the
                  | Orb.
     0 | D:1      | Reached XP level 1. HP: 19/19 MP: 0/0
    76 | D:1      | Found a faded altar of an unknown god.
   112 | D:1      | Found Umocunit's Assorted Antiques.
   218 | D:1      | You fall into a shaft and drop 1 floor!
   268 | D:2      | Reached XP level 2. HP: 20/27 MP: 1/1
   755 | D:2      | Reached XP level 3. HP: 28/33 MP: 2/2
  1382 | D:3      | Identified the +4 kite shield "Cadal" {Contam rElec rPois
                  | Int+7}
  1446 | D:3      | Reached skill level 1 in Shields
  1575 | D:3      | Noticed a bullfrog
  1581 | D:3      | Killed a bullfrog
  1582 | D:3      | Reached skill level 1 in Throwing
  1582 | D:3      | Reached XP level 4. HP: 41/41 MP: 3/3
  1826 | D:3      | Noticed Jessica
  1831 | D:3      | Killed Jessica
  1832 | D:3      | Reached XP level 5. HP: 47/47 MP: 4/4
  1938 | D:3      | Identified the +3 quick blade of Ruacuwk {vorpal, Fragile
                  | rF+++ rCorr Stlth-}
  2145 | D:4      | Reached ** piety under Trog
  2153 | D:4      | Noticed Grinder
  2162 | D:4      | Killed Grinder
  2163 | D:4      | Reached skill level 5 in Fighting
  2163 | D:4      | Reached skill level 5 in Axes
  2163 | D:4      | Reached XP level 6. HP: 56/56 MP: 5/5
  2165 | D:4      | Noticed Menkaure
  2214 | D:4      | Killed Menkaure
  2342 | D:4      | Found a stormy altar of Qazlal.
  2494 | D:4      | Reached XP level 7. HP: 51/61 MP: 6/6
  2797 | D:4      | Found an opulent altar of Gozag.
  2916 | D:5      | Entered Level 5 of the Dungeon
  3194 | D:5      | Reached skill level 5 in Armour
  3273 | D:5      | Noticed Duvessa
  3285 | D:5      | Killed Duvessa
  3290 | D:5      | Noticed Dowan
  3311 | D:5      | Killed Dowan
  3450 | D:5      | Reached XP level 8. HP: 48/70 MP: 7/7
  3969 | D:5      | Reached skill level 5 in Shields
  4071 | D:5      | Found a shimmering altar of Xom.
  4394 | D:5      | Found Seir Nio's General Store.
  4405 | D:5      | Bought a +0 pair of gloves for 58 gold pieces
  4405 | D:5      | Bought a +0 chain mail for 58 gold pieces
  4614 | D:6      | Noticed a troll
  4635 | D:6      | Killed a troll
  4853 | D:6      | Found Cangops's Assorted Antiques.
  4899 | D:6      | Reached XP level 9. HP: 79/79 MP: 8/8
  4968 | D:6      | Reached skill level 5 in Throwing
  5550 | D:6      | Noticed a troll
  5556 | D:6      | Killed a troll
  5695 | D:6      | Found Tagedih's Magic Scroll Shop.
  5708 | D:6      | Bought a scroll of enchant armour for 75 gold pieces
  6436 | D:7      | Found a staircase to the Ecumenical Temple.
  6462 | D:7      | Reached *** piety under Trog
  7382 | D:8      | Paralysed by a hornet for 2 turns
  7603 | D:8      | Found a shadowy altar of Dithmenos.
  7684 | D:8      | Noticed a boulder beetle
  7918 | D:9      | Reached XP level 10. HP: 85/90 MP: 9/9
  9210 | D:10     | Entered Level 10 of the Dungeon
  9376 | D:10     | Killed from afar by an orc priest

Illustrated notes

Levels and vault maps discovered:
D:1:      dpeg_arrival_orchard, layout_rooms,
          dilly_ecumenical_altar_fadedgnrine, serial_shops,
          nicolae_shop_advertising_works [nicolae_subvault_shop_adworks],
          minmay_tromino_v4_b
D:2:      layout_rooms, nicolae_wormholes
D:3:      layout_basic, uniq_jessica
D:4:      layout_cave_pools, lemuel_doored_altar, grunt_qazlal_sundering,
          uniq_menkaure, uniq_grinder
D:5:      kennysheep_six_static_rooms, layout_basic, led_xom_imps, serial_shops,
          shop, uniq_duvessa
D:6:      layout_gridville, serial_shops, nicolae_shop_behind_doors,
          shop_fountains, st_stairs_7
D:7:      layout_loops_cross, minmay_temple_entry_arrows, dk_noncrumbling_2
D:8:      layout_loops_ring, grunt_dithmenos_smoke
D:9:      layout_cave_pools
D:10:     layout_rooms

Skill      XL: |  1  2  3  4  5  6  7  8  9 10 |
---------------+-------------------------------+-----
Axes           | 4 5 6 7 8 9 |  9.1
Fighting       | 4 5 6 7 8 9 |  9.2
Armour         | 3 4 5 6 8 |  8.7
Shields        | 1 2 3 4 5 7 8 |  8.0
Throwing       | 1 2 3 4 6 |  6.7
Dodging        | |  2.6

Action                   |  1- 3 |  4- 6 |  7- 9 | 10-12 || total
-------------------------+-------+-------+-------+-------++-------
Melee: Hand axe          |    73 |    34 |   257 |       ||   364
       Headbutt          |    12 |     6 |    73 |    11 ||   102
       Punch             |     1 |       |       |       ||     1
       War axe           |       |       |    63 |    58 ||   121
Invok: Berserk           |     2 |     2 |     6 |     3 ||    13
       Trog's Hand       |       |     1 |     1 |     2 ||     4
  Use: Scroll            |       |       |     7 |     2 ||     9
       Potion            |       |       |       |     1 ||     1
 Stab: Distracted        |       |       |       |     1 ||     1
Armor: Animal skin       |     3 |       |       |       ||     3
       Ring mail         |     7 |     6 |    32 |       ||    45
       Chain mail        |       |       |    56 |       ||    56
       Plate armour      |       |       |     7 |    35 ||    42
       Skin              |       |       |       |     2 ||     2
Dodge: Dodged            |    37 |     3 |   136 |    17 ||   193
Block: Kite shield       |     9 |    17 |   218 |    38 ||   282
       Buckler           |     3 |       |       |       ||     3

Table legend: (Time is in decaauts)
 A = Elapsed time spent in this place.
 B = Non-inter-level travel time spent in this place.
 C = Inter-level travel time spent in this place.
 D = Time resting spent in this place.
 E = Time spent auto-exploring this place.
 F = Levels seen in this place.
 G = Mean time per level.
                   A        B        C        D        E       F      G
               +--------+--------+--------+--------+--------+-----+--------+
         Total |   9590 |   9385 |    205 |   2046 |   5392 |  10 |  959.0 |
       Dungeon |   9590 |   9385 |    205 |   2046 |   5392 |  10 |  959.0 |
               +--------+--------+--------+--------+--------+-----+--------+

Top non-repeatable levels by time:
     D:6: 1781 daAuts
     D:5: 1683 daAuts
     D:9: 1542 daAuts
     D:2: 1051 daAuts
     D:7: 1011 daAuts
     D:3: 950 daAuts
     D:4: 761 daAuts
     D:8: 421 daAuts
     D:1: 218 daAuts
    D:10: 167 daAuts
